 Dungeon Crawl Stone Soup version 0.21-a0-504-g2eda330 (webtiles) character file.

3060 Klosterheim the Slicer (level 10, -2/61 HPs)
             Began as a Kobold Assassin on Nov 26, 2017.
             Was a Follower of Sif Muna.
             Slain by a red ugly thing (12 damage)
             ... on level 8 of the Dungeon.
             The game lasted 00:22:50 (8695 turns).

Klosterheim the Slicer (Kobold Assassin)            Turns: 8695, Time: 00:22:50

Health: -2/61      AC:  6    Str:  9    XL:     10   Next: 12%
Magic:  10/10      EV: 19    Int: 16    God:    Sif Muna [*.....]
Gold:   295        SH: 11    Dex: 16    Spells: 9/9 levels left

rFire    + . .     SeeInvis .   a - +3 dagger
rCold    . . .     Gourm    .   B - +2 buckler
rNeg     + . .     Faith    .   D - +2 robe {rF+}
rPois    .         Spirit   .   (no helmet)
rElec    .         Reflect  +   d - +1 cloak
rCorr    +         Harm     .   (no gloves)
MR       .....                  (no boots)
Stlth    ++++......             y - +3 amulet of reflection
HPRegen  0.20/turn              l - ring of resist corrosion
MPRegen  0.12/turn              u - ring of positive energy

@: no status effects
A: small, carnivore 3
a: Divine Energy, Renounce Religion


You were on level 8 of the Dungeon.
You worshipped Sif Muna.
Sif Muna was aware of your devotion.
You were completely stuffed.

You visited 1 branch of the dungeon, and saw 8 of its levels.

You collected 295 gold pieces.

Inventory:

Hand Weapons
 a - a +3 dagger (weapon)
 b - a +0 blowgun
Missiles
 e - 35 poisoned needles
Armour
 d - a +1 cloak (worn)
 B - a +2 buckler (worn)
 D - a +2 robe of fire resistance (worn)
Jewellery
 l - a ring of resist corrosion (left hand)
 o - an uncursed ring of fire
 s - an uncursed amulet of magic regeneration {unknown}
 u - a ring of positive energy (right hand)
 y - a +3 amulet of reflection (around neck)
Wands
 t - a wand of flame (41)
 w - a wand of polymorph (14)
 z - a wand of digging (18)
 C - a wand of random effects (19)
Scrolls
 f - 2 scrolls of teleportation
 h - a scroll of remove curse
 i - 2 scrolls of enchant weapon
 k - 2 scrolls of identify
 m - a scroll of amnesia
 A - a scroll of immolation {unknown}
Potions
 c - 2 potions of ambrosia
 j - a potion of flight
 n - a potion of haste
 p - 2 potions of agility
 r - 3 potions of curing
 v - a potion of might
 x - 3 potions of cancellation
Comestibles
 g - 3 meat rations
 q - 4 royal jellies


   Skills:
 + Level 6.4 Fighting
 * Level 10.6 Short Blades
 - Level 2.1 Throwing
 + Level 6.6 Dodging
 + Level 9.6 Stealth
 * Level 3.9 Shields


You had 9 spell levels left.
You didn't know any spells.

Dungeon Overview and Level Annotations

Branches:
Dungeon (8/15)             Temple (0/1) D:7
   Lair: D:8-11

Altars:
Ashenzari
Gozag
Qazlal
Sif Muna

Annotations:
D:3 Dustman's ghost, amateur HuMo
D:5 Grinder
D:8 Joseph


Innate Abilities, Weirdness & Mutations

You are small and have problems with some larger weapons.
You are carnivorous and can eat meat at any time.


Message History

You hit the red ugly thing.
The red ugly thing is heavily wounded.
You closely miss the red ugly thing.
The red ugly thing is heavily wounded.
The red ugly thing tentacle-slaps you!
You are engulfed in flames!
You resist.
You hit the red ugly thing.
The red ugly thing is severely wounded.
You hit the red ugly thing.
The red ugly thing is severely wounded.
The red ugly thing tentacle-slaps you but does no damage.
You hit the red ugly thing.
The red ugly thing is severely wounded.
You hit the red ugly thing.
The red ugly thing is almost dead.
The red ugly thing tentacle-slaps you.
* * * LOW HITPOINT WARNING * * *
You are engulfed in flames!
You resist.
* * * LOW HITPOINT WARNING * * *
The red ugly thing tentacle-slaps you!
You die...

#...... #.#
#.....( #.#
#.....(###.#
#........#
#.#####..###
## #....##..
##.#..#.#
#u##.#.#
#@##.#.#
#.##...#
##.###.##
#..##.<#
#......#
######.##
#..# ##..#
#..#


You could see a red ugly thing.

Vanquished Creatures
  Pikel (D:6)
  Prince Ribbit (D:8)
  Sigmund (D:4)
  A hungry ghost (D:7)
  An orc warrior (D:4)
  A water moccasin (D:5)
  A black bear (D:6)
  A sky beast (D:6)
  A slave (D:6)
  2 phantoms
  3 ogres (D:7)
  A centaur (D:8)
  Blork the orc (D:6)
  3 bullfrogs
  A water moccasin zombie (D:8)
  A water moccasin skeleton (D:4)
  A howler monkey (D:5)
  2 bullfrog zombies
  3 crimson imps
  2 hounds (D:6)
  A bullfrog skeleton (D:6)
  4 orc wizards
  An iguana (D:5)
  Jessica (D:2)
  7 worker ants
  7 gnolls
  8 adders
  A howler monkey skeleton (D:8)
  A shadow imp (D:6)
  An ooze (D:3)
  A worm (D:2)
  4 leopard geckos (D:4)
  21 orcs
  3 ball pythons
  A bat zombie (D:1)
  A giant cockroach (D:4)
  4 goblins
  4 hobgoblins
  7 jackals
  3 quokkas
  5 bats
  4 frilled lizards
  A giant cockroach zombie (D:1)
  3 kobolds
  A leopard gecko skeleton (D:5)
  A quokka skeleton (D:4)
  7 rats
132 creatures vanquished.

Vanquished Creatures (others)
  A slave (D:6)
  An orc wizard (D:7)
  A fungus (D:8)
3 creatures vanquished.

Grand Total: 135 creatures vanquished

Notes
Turn   | Place    | Note
-------+----------+-------------------------------------------
     0 | D:1      | Klosterheim the Kobold Assassin began the quest for the Orb.
     0 | D:1      | Reached XP level 1. HP: 12/12 MP: 1/1
   178 | D:1      | Reached skill level 3 in Short Blades
   241 | D:1      | Reached XP level 2. HP: 18/18 MP: 2/2
   818 | D:2      | Reached XP level 3. HP: 22/22 MP: 3/3
   880 | D:2      | Found a faded altar of an unknown god.
  1085 | D:2      | Reached XP level 4. HP: 26/27 MP: 4/4
  1097 | D:2      | Became a worshipper of Sif Muna the Loreminder
  1097 | D:2      | Reached * piety under Sif Muna
  1138 | D:2      | Noticed Jessica
  1147 | D:2      | Killed Jessica
  1147 | D:2      | Reached skill level 4 in Short Blades
  1166 | D:2      | Found a stormy altar of Qazlal.
  1920 | D:3      | Noticed Dustman's ghost (amateur HuMo)
  1957 | D:4      | Noticed Sigmund
  1968 | D:4      | Killed Sigmund
  1968 | D:4      | Reached skill level 5 in Short Blades
  1968 | D:4      | Reached XP level 5. HP: 28/32 MP: 5/5
  1968 | D:4      | Reached XP level 6. HP: 33/37 MP: 6/6
  2660 | D:4      | Reached skill level 6 in Short Blades
  2922 | D:3      | Reached XP level 7. HP: 20/42 MP: 7/7
  3614 | D:5      | Entered Level 5 of the Dungeon
  3712 | D:4      | Reached skill level 7 in Short Blades
  3799 | D:4      | Found an opulent altar of Gozag.
  4184 | D:5      | Reached XP level 8. HP: 44/48 MP: 8/8
  4560 | D:5      | Found a shattered altar of Ashenzari.
  4601 | D:5      | Noticed Grinder
  4640 | D:5      | Paralysed by Grinder for 7 turns
  4662 | D:5      | Paralysed by Grinder for 2 turns
  5197 | D:6      | Noticed Pikel
  5218 | D:5      | Reached skill level 8 in Short Blades
  5306 | D:6      | HP: 2/48 [something (6)]
  5321 | D:6      | HP: 1/48 [bullfrog skeleton (3)]
  5328 | D:6      | HP: 1/48 [bullfrog skeleton (1)]
  5337 | D:6      | HP: 2/48 [bullfrog skeleton (3)]
  5688 | D:6      | Noticed Blork the orc
  5783 | D:6      | Reached skill level 5 in Fighting
  5783 | D:6      | Reached skill level 5 in Dodging
  6163 | D:6      | Killed Blork the orc
  6426 | D:6      | Killed Pikel
  6426 | D:6      | Reached skill level 9 in Short Blades
  6426 | D:6      | Reached XP level 9. HP: 17/54 MP: 9/9
  6895 | D:7      | Found a staircase to the Ecumenical Temple.
  7260 | D:7      | Reached skill level 10 in Short Blades
  8117 | D:7      | You fall through a shaft!
  8217 | D:8      | Reached XP level 10. HP: 41/60 MP: 10/10
  8248 | D:8      | Noticed Joseph
  8552 | D:8      | Noticed Prince Ribbit
  8578 | D:8      | Killed Prince Ribbit
  8665 | D:8      | Noticed a red ugly thing
  8695 | D:8      | Slain by a red ugly thing

Vault maps used:
D:1:      saegor_arrival_fortress
D:2:      nicolae_qazlal_general_emergency,
          chequers_ecumenical_altar_simple_redux, uniq_jessica
D:4:      nicolae_gozag_cash_rules_everything_around_me, uniq_sigmund
D:5:      first_bread, ashenzari_altar_1, uniq_grinder
D:6:      minmay_diamond_boxcup, dk_noncrumbling_4, uniq_pikel,
          uniq_blork_the_orc
D:7:      minmay_temple_entry_statues_pillars
D:8:      minmay_opposing_rooms, david_lair_generic, mrwooster_statue_mirror,
          uniq_joseph, uniq_prince_ribbit1, uniq_maurice

Skill      XL: |  1  2  3  4  5  6  7  8  9 |
---------------+----------------------------+-----
Short Blades   | 3 5 6 7 9 10 | 10.6
Dodging        | 2 3 4 5 6 |  6.6
Stealth        | 6 7 8 9 |  9.6
Fighting       | 3 4 5 6 |  6.4
Shields        | 2 3 |  3.9
Throwing       | |  2.1

Action                   |  1- 3 |  4- 6 |  7- 9 | 10-12 || total
-------------------------+-------+-------+-------+-------++-------
Melee: Dagger            |    79 |   142 |   663 |    60 ||   944
 Fire: Blowgun           |     5 |    18 |    27 |    16 ||    66
Evoke: Wand              |       |       |     7 |       ||     7
  Use: Potion            |       |     2 |     1 |       ||     3
       Scroll            |       |       |    17 |     1 ||    18
 Stab: Sleeping          |     8 |     1 |    23 |       ||    32
       Distracted        |       |       |     1 |       ||     1
       Paralysed         |       |       |     1 |       ||     1
  Eat: Chunk             |     9 |     5 |    26 |     3 ||    43
Armor: Robe              |    16 |     9 |    49 |     2 ||    76
Dodge: Dodged            |    70 |    94 |   267 |    28 ||   459
Block: Buckler           |       |       |    94 |     8 ||   102
       Other             |       |       |    11 |       ||    11
       Reflection        |       |       |     3 |       ||     3

Table legend:
 A = Spawn XP
 B = Non-spawn XP
 C = Spawn XP percentage of total XP
 D = Spawn monster count
 E = Non-spawn monster count
 F = Spawn count percentage of total count
 G = Total turns spent on level
                    A         B        C        D         E        F      G
               +---------+---------+-------+---------+---------+-------+---------
         Total |       0 |    4372 |   0.0 |       0 |     132 |   0.0 |  8695
               +---------+---------+-------+---------+---------+-------+---------
           D:1 |       0 |      12 |   0.0 |       0 |       9 |   0.0 |   543
           D:2 |       0 |     104 |   0.0 |       0 |      18 |   0.0 |  1157
           D:3 |       0 |      82 |   0.0 |       0 |      15 |   0.0 |   786
           D:4 |       0 |     775 |   0.0 |       0 |      29 |   0.0 |  1838
           D:5 |       0 |     374 |   0.0 |       0 |      13 |   0.0 |  1185
           D:6 |       0 |    1337 |   0.0 |       0 |      14 |   0.0 |  1377
           D:7 |       0 |    1072 |   0.0 |       0 |      28 |   0.0 |  1461
           D:8 |       0 |     616 |   0.0 |       0 |       6 |   0.0 |   348
               +---------+---------+-------+---------+---------+-------+---------
